 Dungeon Crawl Stone Soup version 0.31.0-32-g396128a36d (webtiles) character file.

Game seed: 329475937893554636

332440 Knytkalas the Unseen (level 21, -2/107 HPs)
             Began as a Vine Stalker Brigand on Mar 18, 2024.
             Was an Initiate of Gozag.
             Killed by divine providence
             ... invoked by a daeva
              (8 damage)
             ... on level 4 of the Abyss.
             The game lasted 01:23:44 (40853 turns).

Knytkalas the Unseen (Vine Stalker Brigand)        Turns: 40853, Time: 01:23:45

Health: -2/107     AC: 36    Str: 13    XL:     21   Next: 79%
Magic:  0/22       EV: 40    Int: 11    God:    Gozag
Gold:   13951      SH: 14    Dex: 22    Spells: 20/20 levels left

rFire   + . .        b - +8 rapier (elec)
rCold   . . .        K - +0 kite shield {reflect}
rNeg    + + .        (body armour currently unavailable)
rPois   ∞            S - +2 helmet {SInv}
rElec   +            v - +1 cloak of Starlight {*Dazzle EV+4 Stlth--}
rCorr   .            (gloves currently unavailable)
SInv    +            (boots currently unavailable)
Will    ++...        i - amulet of the acrobat
Stlth   +++          T - +4 ring of protection
HPRegen 1.17/turn    k - ring "Jopsofuv" {rF+ rN+}
MPRegen 0.18/turn

%: reflection, acrobat, guardian spirit
@: statue-form, gold aura, acrobatic, glowing, studying Ice Magic, very slow
A: slow and powerful, torment resistance 1, boosted hp, fangs 3, regeneration 1,
magic shield, antimagic bite, no potion heal 2, deformed body, [clumsy 2],
[deterioration 2], [frail 3], [weak 1], [subdued magic 1], [inability to read
after injury 1], [persistent drain]
}: 2/15 runes: decaying, gossamer
a: Begin Untransformation, Renounce Religion, Potion Petition, Call Merchant,
Bribe Branch


You were on level 4 of the Abyss.
You worshipped Gozag.
Gozag was extremely pleased with you.
You were a living statue of rough stone.
You visited 8 branches of the dungeon, and saw 37 of its levels.
You visited the Abyss 1 time.
You visited 1 bazaar.
You also visited: Bailey, Gauntlet and Ice Cave.

You collected 18007 gold pieces.
You spent 4005 gold pieces at shops.
You paid 51 gold pieces to Gozag.


Innate Abilities, Weirdness & Mutations

You are a living statue of rough stone.
Your actions are slow, but your melee attacks are powerful.
You are resistant to unholy torment.
Your maximum health is greatly increased.
Your equipment is partially melded.
You are immune to poison.
You have razor-sharp teeth.
Your natural rate of healing is unusually fast.
When hurt, damage is shared between your health and your magic reserves.
Your bite disrupts and absorbs the magic of your enemies.
Potions cannot restore your health.
Armour fits poorly on your strangely shaped body.
[You are very clumsy. (Dex -4)]
[Your body often deteriorates upon taking damage.]
[You are extremely frail. (-30% HP)]
[You are weak. (Str -2)]
[Your spells are a little easier to cast, but a little less powerful.]
[You occasionally lose the ability to read scrolls when taking damage.]
[Your health recovers twice as slowly from being drained.]


   Skills:
 - Level 16.0 Fighting
 - Level 18.0 Short Blades
 - Level 1.7 Throwing
 - Level 3.1 Armour
 - Level 13.0 Dodging
 - Level 20.0 Stealth
 + Level 12.2 Shields
 - Level 5.4 Evocations
 - Level 16.0 Shapeshifting


You had 20 spell levels left.
You didn't know any spells.
Your spell library contained the following spells:

 Spells                   Type           Power      Damage    Failure   Level
 Freeze                   Ice            0%         1d3       54%         1
 Magic Dart               Conj           0%         1d3       54%         1
 Cigotuvi's Dreadful Rot  Necr/Alch/Air  0%         N/A       71%         2
 Ensorcelled Hibernation  Hex/Ice        0%         N/A       71%         2
 Jinxbite                 Hex            0%         N/A       71%         2
 Lesser Beckoning         Tloc           0%         N/A       71%         2
 Searing Ray              Conj           0%         2d4       71%         2
 Dazzling Flash           Conj/Hex       0%         N/A       90%         3
 Frozen Ramparts          Ice            0%         1d1       90%         3
 Fugue of the Fallen      Necr           0%         N/A       90%         3
 Gell's Gravitas          Tloc           0%         N/A       90%         3
 Hailstorm                Conj/Ice       0%         3d5       90%         3
 Inner Flame              Hex/Fire       0%         N/A       90%         3
 Mephitic Cloud           Conj/Alch/Air  0%         N/A       90%         3
 Summon Ice Beast         Ice/Summ       0%         N/A       90%         3
 Teleport Other           Tloc           0%         N/A       90%         3
 Vampiric Draining        Necr           0%         2d6       90%         3
 Anguish                  Hex/Necr       0%         N/A       100%        4
 Cause Fear               Hex            0%         N/A       100%        4
 Dispel Undead            Necr           0%         3d6       100%        4
 Fulminant Prism          Conj/Alch      0%         3d5       100%        4
 Ignite Poison            Fire/Alch      0%         N/A       100%        4
 Leda's Liquefaction      Alch/Erth      0%         N/A       100%        4
 Manifold Assault         Tloc           0%         N/A       100%        4
 Martyr's Knell           Necr/Summ      0%         N/A       100%        4
 Petrify                  Alch/Erth      0%         N/A       100%        4
 Sticky Flame             Fire/Alch      0%         2d4       100%        4
 Vhi's Electric Charge    Tloc/Air       0%         N/A       100%        4
 Arcjolt                  Conj/Air       0%         1d10      100%        5
 Curse of Agony           Necr           0%         N/A       100%        5
 Irradiate                Conj/Alch      0%         3d11      100%        5
 Lee's Rapid Deconstruct  Erth           0%         3d4*      100%        5
 Metabolic Englaciation   Hex/Ice        0%         N/A       100%        5
 Silence                  Hex/Air        0%         N/A       100%        5
 Yara's Violent Unravell  Hex/Alch       0%         3d3       100%        5
 Bombard                  Conj/Erth      0%         9d1       100%        6
 Death Channel            Necr           0%         N/A       100%        6
 Dispersal                Tloc           0%         N/A       100%        6
 Sculpt Simulacrum        Ice/Alch       0%         N/A       100%        6
 Enfeeble                 Hex            0%         N/A       100%        7
 Disjunction              Tloc           0%         N/A       100%        8
 Ignition                 Fire           0%         3d3       100%        8
 Maxwell's Capacitive Co  Air            0%         ∞         100%        8
 Death's Door             Necr           0%         N/A       100%        9
 Sublimation of Blood     Necr           Unusable   N/A       N/A         2

Inventory:

Hand Weapons
 a - the +7 Spriggan's Knife {stab, EV+4 Stlth+}
   (You acquired it in a bazaar)

   Stab:      It is more effective when stabbing unaware enemies, sometimes
   treating them as though they were completely helpless.
   EV+4:      It affects your evasion (+4).
   Stlth+:    It makes you more stealthy.
 b - a +8 rapier of electrocution (weapon)
Missiles
 e - 14 curare-tipped darts (quivered) {=f}
 I - 3 throwing nets {=f}
Armour
 v - the +1 cloak of Starlight (worn) {*Dazzle EV+4 Stlth--}
   (You found it on level 3 of the Dungeon)

   *Dazzle:   It may blind those who miss an attack against the wearer in melee
   combat.
   EV+4:      It affects your evasion (+4).
   Stlth--:   It makes you much less stealthy.
 K - a +0 kite shield of reflection (worn)
 S - a +2 helmet of see invisible (worn)
Magical Staves
 n - a staff of conjuration {!a}
Jewellery
 i - an amulet of the acrobat (around neck)
 k - the ring "Jopsofuv" (right fist) {rF+ rN+}
   (You found it in a Gauntlet)

   [ring of protection from fire]

   rF+:       It protects you from fire.
   rN+:       It protects you from negative energy.
 C - a ring of protection from cold
 L - a ring of flight
 M - a ring of magical power
 T - a +4 ring of protection (left fist)
Talismans
 N - a granite talisman (active)
Wands
 g - a wand of charming (31)
 x - a wand of mindburst (22)
 F - a wand of polymorph (12)
 J - a wand of acid (13)
 O - a wand of flame (88)
 U - a wand of iceblast (15)
 V - a wand of digging (8)
Scrolls
 h - 6 scrolls of immolation
 j - 2 scrolls of silence {!r}
 l - 7 scrolls of blinking
 m - 5 scrolls of poison
 o - 4 scrolls of fog
 q - 4 scrolls of fear
 y - 5 scrolls of enchant armour
 z - 5 scrolls of amnesia
 D - 27 scrolls of teleportation {@r2}
 P - 8 scrolls of vulnerability
 X - 4 scrolls of brand weapon
 Y - 6 scrolls of revelation
Potions
 c - 2 potions of berserk rage {!q}
 d - 2 potions of cancellation
 f - 6 potions of mutation
 r - 10 potions of might
 s - 15 potions of heal wounds {@q2}
 u - 19 potions of curing {@q1}
 w - 7 potions of enlightenment
 B - 8 potions of haste {@q3}
 E - 8 potions of lignification
 G - 3 potions of resistance
 H - 6 potions of magic
 Q - 11 potions of brilliance
 W - 2 potions of attraction
Miscellaneous
 A - a tin of tremorstones (2/2)

Dungeon Overview and Level Annotations

Branches:
Dungeon (15/15)            Temple (1/1) D:5            Lair (5/5) D:11
  Swamp (4/4) Lair:3       Spider (4/4) Lair:3        Slime (0/5) Lair:4
    Orc (2/2) D:9             Elf (3/3) Orc:2        Vaults (3/5) D:14
  Crypt (0/3) Vaults:3     Depths (0/4) D:15         Bailey (visited)
  IceCv (visited)         Gauntlet (visited)

Altars:
Ashenzari
Cheibriados
Dithmenos
Elyvilon
Fedhas
Gozag
Hepliaklqana
Kikubaaqudgha
Makhleb
Nemelex Xobeh
Okawaru
Qazlal
Ru
Sif Muna
Trog
Uskayaw
Vehumet
Wu Jian
Xom
Yredelemnul
Zin
The Shining One

Shops:
D:5 ?   D:6 !   D:8 *   D:11 =   D:12 ?   D:14 (=   Orc:2 **   Elf:2 ?

Annotations:
D:2 1 runed translucent door, Crazy Yiuf
D:9 1 runed translucent door, Liamsmithers's ghost, novice DsBe
D:12 2 runed translucent doors, Cheops's ghost, journeyman OpSh
D:14 Roxanne
Elf:2 3 runed translucent doors

#▒ ...# # . #. .#
▒.▒#▒.#. #. .# .. .
........####.## #
.. .
▒....#....#..⚑. ..
..#...X.#...# # .#
......XX45.#..▓ . #
░.....X#.V$...▒. .
#..▒X#XV#A.....░
#...8X4X..▒▒... .
▓....▒X▓#..$#..▓.▒#
#.#######.▒.▓#▒.░.▒
.. ..... . #. ..░..
. .. ▒▒▒ .▓ . . ░.


You could see 7 starcursed masses, a daeva, 2 jiangshi, 2 thrashing horrors, 2
chaos spawn and a quasit.


Message History

The thrashing horror tramples you but does no damage.
You block the thrashing horror's attack.
The jiangshi misses you.
The jiangshi claws you but does no damage.
You block the chaos spawn's attack. The jiangshi barely misses you.
The jiangshi closely misses you. The daeva completely misses you. x2
You block the thrashing horror's attack. x2
The jiangshi is distracted by your dazzling golden aura.
The starcursed mass completely misses you.
The starcursed mass is distracted by your dazzling golden aura.
The chaos spawn misses you.
The starcursed mass completely misses you.
The starcursed mass is distracted by your dazzling golden aura.
The starcursed mass touches you.
* * * LOW HITPOINT WARNING * * *
The jiangshi claws you but does no damage.
The jiangshi completely misses you.
You see here 20 gold pieces.
The jiangshi is no longer distracted by gold.
The starcursed mass is no longer distracted by gold.
You block the thrashing horror's attack. x2
The thrashing horror completely misses you.
The thrashing horror tramples you but does no damage.
The chaos spawn is distracted by your dazzling golden aura.
You block the jiangshi's attack. The jiangshi claws you!
* * * LOW HITPOINT WARNING * * *
The daeva calls down the wrath of the Shining One upon you.
The Shining One smites you!
You die...
Your body crumbles into a pile of gold.

Skill      XL: |  1  2  3  4  5  6  7  8  9 10 11 12 13 14 15 16 17 18 19 20 21 |
---------------+----------------------------------------------------------------+-----
Fighting       | 2 3 4 6 9 11 12 13 14 16 | 16.0
Short Blades   | 2 3 4 6 9 10 13 14 15 18 | 18.0
Evocations     | 1 2 3 4 5 |  5.4
Dodging        | 1 2 4 7 8 10 12 13 | 13.0
Armour         | 3 |  3.1
Stealth        | 5 10 12 16 20 | 20.0
Shapeshifting  | 9 13 16 | 16.0
Shields        | 9 10 12 | 12.2
Throwing       | |  1.7

Action                     |  1- 3 |  4- 6 |  7- 9 | 10-12 | 13-15 | 16-18 | 19-21 || total
---------------------------+-------+-------+-------+-------+-------+-------+-------++-------
  Melee: Dagger            |    86 |   172 |   206 |   868 |  2076 |  1035 |       ||  4443
         Bite              |    12 |    51 |    76 |   369 |  1045 |   803 |  1023 ||  3379
         Punch             |       |     3 |     2 |    27 |    41 |    12 |       ||    85
         Rapier            |       |       |       |       |       |   789 |   181 ||   970
         Unarmed           |       |       |       |       |       |     8 |       ||     8
         Knife             |       |       |       |       |       |     9 |  1937 ||  1946
  Throw: Dart              |     2 |     2 |    18 |       |       |       |       ||    22
  Evoke: Wand              |       |       |       |     2 |       |       |       ||     2
    Use: Scroll            |       |       |     4 |     3 |    18 |    10 |     1 ||    36
         Potion            |       |       |     1 |     1 |     1 |     2 |     1 ||     6
   Stab: Sleeping          |     8 |     3 |       |       |       |    17 |    75 ||   103
         Invisible         |       |     6 |    10 |    40 |    98 |    80 |   123 ||   357
         Distracted        |       |       |     2 |     5 |    10 |    12 |    49 ||    78
         Confused          |       |       |       |       |       |     3 |       ||     3
 Armour: Robe              |    38 |       |       |       |       |       |       ||    38
         Leather armour    |     8 |    45 |    46 |    40 |       |       |       ||   139
         Swamp dragon scal |       |       |       |   104 |   336 |       |       ||   440
         Skin              |       |       |       |       |    67 |   744 |   795 ||  1606
  Dodge: Dodged            |    51 |   144 |   122 |   623 |  1657 |  2010 |  2486 ||  7093
  Block: Kite shield       |       |       |       |       |       |  1253 |  1825 ||  3078
         Reflection        |       |       |       |       |       |       |    21 ||    21
   Form: Statue            |       |       |       |       |     1 |       |     1 ||     2
                           |       |       |       |       |       |       |     1 ||     1

Levels and vault maps discovered:
D:1:      dpeg_arrival_windows_large_door, layout_basic, bh_walls_and_bars
D:2:      layout_loops_cross, uniq_crazy_yiuf_cottage
D:3:      layout_loops_corners
D:4:      layout_basic
D:5:      layout_gridville, tso_altar, slow_altar_2, minmay_temple_entry_waves,
          nicolae_nh_oracle_at_delphi, uniq_ijyb, uniq_sigmund
D:6:      layout_basic, serial_shops, shop
D:7:      layout_basic, enter_bailey_3, uniq_joseph
D:8:      layout_basic, nicolae_shop_fire_sale [nicolae_sub_dead_trees]
D:9:      layout_stronghold, orc_0_dummy, hellmonk_ghost_happy_afterlife,
          uniq_maggie, uniq_maurice, uniq_erolcha, uniq_amaemon
D:10:     layout_loops_ring, grunt_temple_overflow_open, grunt_qazlal_clouds,
          uniq_grum
D:11:     layout_rooms, grunt_lair_entry_orc_guard_hut, gauntlet_entry_generic,
          serial_shops, shop
D:12:     minmay_the_grid_3x3 [minmay_the_grid_pillar_ring,
          minmay_the_grid_square_x, minmay_the_grid_broken_lines,
          minmay_the_grid_small_cups, minmay_the_grid_dragon_a,
          minmay_the_grid_eight, minmay_the_grid_large_cup,
          minmay_the_grid_spikes, minmay_the_grid_prize_big_room], layout_rooms,
          ebering_ghost_disaster_area, serial_shops, nicolae_shop_rolled_up,
          roderic_lattice_a, uniq_jorgrun
D:13:     layout_basic, ashenzari_conservatory_becter
D:14:     layout_basic, erik_vaults_2, minmay_misc_feat_chi, serial_shops,
          nicolae_lakefront_shop, shop, nicolae_stop_n_shop_1, shop, uniq_snorg,
          uniq_roxanne
D:15:     grunt_enter_depths_snipers, layout_basic
Temple:   bh_familiar_temple
Lair:1:   layout_layer_cave, grunt_megastairs_2
Lair:2:   layout_gridlike, chequers_serial_rivers_micro_a
Lair:3:   layout_loops_ring, alex1729_swamp_entry_worm_eleionoma,
          nicolae_spider_entry_tight_spaces, chequers_serial_rivers_small_b,
          serial_bayou_shore_b
Lair:4:   layout_regular_city, dpeg_slime_entry_enclosed
Lair:5:   hangedman_lair_caniforms_friends, layout_regular_city, wormcave
Swamp:1:  layout_basic_swamp, evilmike_swamp_ruin_house_2, swamp_pool_5,
          hangedman_swamp_ravenous
Swamp:2:  gammafunk_mikee_crab_dinner, layout_basic_swamp,
          evilmike_swamp_ruin_house_3, swamp_pool_5, uniq_nikola
Swamp:3:  cheibrodos_swamp_tower_of_moss, layout_basic_swamp,
          nicolae_swamp_big_swirl, swamp_pool_1_2, nicolae_swamp_little_tower,
          st_swamp_mini, infiniplex_staircase_pool
Swamp:4:  nzn_swamp_witches_coven, layout_basic_swamp, swamp_pool_4
Spider:1: layout_spider_delve, nicolae_spider_jagged_tunnels
Spider:2: layout_spider_delve, portal_ice_cave_entry_pillars_2, drop_trap,
          worms_lemuel
Spider:3: layout_chambers, spiders_nest_ghost_moth_duel,
          hangedman_spider_tarantella_strand
Spider:4: floodkiller_spider_rune_tomb, uniq_louise
Orc:1:    layout_caves
Orc:2:    st_orc_town, layout_diamond_mine, basic_altar, uniq_donald
Elf:1:    layout_loops_corners, minmay_elf_necromancy
Elf:2:    nicolae_elf_blades_crystal_corner, layout_loops_corners, basic_altar,
          serial_shops, shop_fountains, uniq_azrael
Elf:3:    elf_hall_gauntlet_wide, layout_loops_corners, nicolae_shop_clearance
Vaults:1: v_alt_pattern_2, nicolae_vaults_quartermaster,
          nicolae_vaults_tetromino_Z_1, vaults_dpeg_cross, grunt_vaults_swirl,
          nicolae_vaults_storage_room_doors, nicolae_vaults_trapezoid_3,
          v_alt_pattern_5, nicolae_vaults_doubleplus_tesselated,
          nicolae_vaults_lightning_bolt, hangedman_vaults_slice,
          nicolae_vaults_tetromino_L_2, layout_vaults_omnibox
Vaults:2: ebering_ghost_inner_flame, nicolae_vaults_triangles, v_pattern_4,
          v_misc_9, vaults_room_pool, v_misc_18, nicolae_vaults_specimen_jars,
          nicolae_vaults_closet_pinwheel_4, nicolae_vaults_house_1,
          vaults_room_pool, serial_library_hellmonk_open_cross,
          nicolae_vaults_variable_pillar_hall, nicolae_vaults_six-pack,
          nicolae_vaults_little_ls, v_misc_23, vaults_dpeg_ring,
          nicolae_vaults_house_2, layout_vaults_omnicross, serial_shops,
          bzr_firewalk, uniq_margery, uniq_aizul, uniq_sojobo, uniq_boris
Vaults:3: nicolae_vaults_trapezoid_layered, nicolae_vaults_prndl, v_pattern_2,
          nicolae_vaults_tangram_1, ontoclasm_vaults_spin,
          nicolae_vaults_tetromino_L_1, v_misc_32, serial_ice_b,
          blue_anna_dwarven_crypt, nicolae_vaults_crenellated_ambush,
          nicolae_vaults_wine_cellar, nicolae_vaults_six-pack, v_misc_8,
          nicolae_vaults_two_Ls, layout_vaults_big_room
Abyss:4:  base: D:13, minivault_25_ag, lemuel_flamethrower_2,
          evilmike_abyss_rune_siren_acolytes

Notes
Turn   | Place    | Note
-------+----------+-------------------------------------------
     0 | D:1      | Knytkalas the Vine Stalker Brigand began the quest for the
                  | Orb.
     0 | D:1      | Reached XP level 1. HP: 11/11 MP: 2/2
    97 | D:1      | Reached skill level 2 in Fighting
   165 | D:1      | Reached XP level 2. HP: 16/16 MP: 1/3
   457 | D:1      | Reached skill level 3 in Fighting
   535 | D:1      | Reached skill level 2 in Short Blades
   535 | D:1      | Reached XP level 3. HP: 20/20 MP: 4/4
  1545 | D:2      | Reached XP level 4. HP: 24/24 MP: 5/5
  1576 | D:2      | Reached skill level 3 in Short Blades
  1685 | D:2      | Found a runed translucent door.
  1686 | D:2      | Noticed Crazy Yiuf
  2154 | D:3      | Reached skill level 1 in Evocations
  2154 | D:3      | Reached XP level 5. HP: 28/28 MP: 6/6
  2397 | D:3      | Found the +1 cloak of Starlight {*Dazzle EV+4 Stlth--}
  3084 | D:4      | Reached XP level 6. HP: 33/33 MP: 7/7
  3128 | D:4      | Reached skill level 1 in Dodging
  3128 | D:4      | Reached skill level 2 in Evocations
  3247 | D:4      | Reached skill level 4 in Fighting
  3247 | D:4      | Reached skill level 4 in Short Blades
  3450 | D:4      | Reached XP level 7. HP: 37/37 MP: 8/8
  3502 | D:5      | Entered Level 5 of the Dungeon
  3507 | D:5      | Noticed Ijyb
  3563 | D:5      | Found a staircase to the Ecumenical Temple.
  3573 | Temple   | Entered the Ecumenical Temple
  3591 | Temple   | Became a worshipper of Gozag Ym Sagoz the Greedy
  3655 | D:5      | Killed Ijyb
  3656 | D:5      | Reached skill level 2 in Dodging
  3694 | D:5      | Reached skill level 3 in Evocations
  3773 | D:5      | Found The Oracle's Delphic Readings.
  3777 | D:5      | Bought a scroll of blinking for 82 gold pieces
  3777 | D:5      | Bought a scroll of identify for 22 gold pieces
  4030 | D:5      | Found a snail-covered altar of Cheibriados.
  4041 | D:5      | Gained mutation: You have razor-sharp teeth. [Vine Stalker
                  | growth]
  4041 | D:5      | Reached XP level 8. HP: 42/42 MP: 9/9
  4190 | D:5      | Reached skill level 5 in Short Blades
  4212 | D:5      | Reached skill level 5 in Fighting
  4343 | D:5      | Reached skill level 3 in Dodging
  4362 | D:5      | Noticed Sigmund
  4378 | D:5      | Killed Sigmund
  4492 | D:5      | Found a glowing golden altar of the Shining One.
  4663 | D:6      | You fall into a shaft and drop 1 floor!
  4682 | D:7      | Found a flagged portal.
  4702 | Bailey   | Entered a bailey
  4726 | Bailey   | Noticed an orc warlord
  4815 | Bailey   | Reached skill level 4 in Dodging
  4833 | Bailey   | Reached skill level 6 in Fighting
  4833 | Bailey   | Reached skill level 6 in Short Blades
  4838 | Bailey   | Reached XP level 9. HP: 37/48 MP: 10/10
  4894 | Bailey   | Found a runed translucent gate.
  4897 | Bailey   | Found a runed translucent gate.
  4899 | Bailey   | Found a runed translucent gate.
  5312 | Bailey   | Killed an orc warlord
  5313 | Bailey   | Reached skill level 7 in Fighting
  5313 | Bailey   | Reached skill level 5 in Dodging
  5500 | D:7      | Reached skill level 7 in Short Blades
  5500 | D:7      | Reached skill level 9 in Fighting
  5500 | D:7      | Reached skill level 9 in Short Blades
  5500 | D:7      | Reached skill level 7 in Dodging
  5500 | D:7      | Reached XP level 10. HP: 58/58 MP: 11/11
  5919 | D:6      | Found Adarhyecw's Distillery.
  5949 | D:6      | Bought a potion of berserk rage for 70 gold pieces
  5949 | D:6      | Bought a potion of magic for 112 gold pieces
  5949 | D:6      | Bought a potion of ambrosia for 112 gold pieces
  5949 | D:6      | Bought a potion of enlightenment for 70 gold pieces
  5949 | D:6      | Bought a potion of might for 56 gold pieces
  6609 | D:7      | Noticed Joseph
  6623 | D:7      | Killed Joseph
  6682 | D:7      | Noticed a two-headed ogre
  6694 | D:7      | Killed a two-headed ogre
  6695 | D:7      | Reached XP level 11. HP: 54/63 MP: 12/12
  7273 | D:8      | Reached skill level 8 in Dodging
  7444 | D:8      | Reached skill level 10 in Fighting
  7644 | D:8      | Reached skill level 10 in Short Blades
  7666 | D:8      | Got the Grimoire of the Snake
  7673 | D:8      | Found Hosuy's Fire Supplies.
  8045 | D:8      | Noticed a two-headed ogre
  8054 | D:8      | Killed a two-headed ogre
  8055 | D:8      | Reached skill level 4 in Evocations
  8147 | D:9      | Noticed Maurice
  8148 | D:9      | Maurice stole a +6 ring of intelligence
  8152 | D:9      | Maurice stole 3 throwing nets {=f}
  8158 | D:9      | Killed Maurice
  8307 | D:9      | Noticed Liamsmithers's ghost (novice DsBe)
  8311 | D:9      | Found a runed translucent door.
  8318 | D:9      | Found a staircase to the Orcish Mines.
  8380 | D:9      | Noticed Maggie
  8397 | D:9      | Killed Maggie
  8650 | D:9      | Reached skill level 11 in Fighting
  8733 | D:9      | Noticed Erolcha
  8741 | D:9      | Killed Erolcha
  8776 | D:9      | Noticed Amaemon
  8813 | D:9      | Killed Amaemon
  9338 | D:5      | Bought a scroll of identify for 22 gold pieces
  9338 | D:5      | Identified 3 potions of resistance
  9464 | D:10     | Entered Level 10 of the Dungeon
  9551 | D:10     | Reached XP level 12. HP: 71/71 MP: 13/13
  9563 | D:10     | Reached skill level 12 in Fighting
  9707 | D:10     | Found a burning altar of Makhleb.
  9709 | D:10     | Found a shadowy altar of Dithmenos.
  9762 | D:10     | Noticed Grum
  9786 | D:10     | Killed Grum
 10101 | D:10     | Found a stormy altar of Qazlal.
 10190 | D:11     | Found a gate leading to a gauntlet.
 10194 | Gauntlet | Entered a Gauntlet
 10194 | Gauntlet | Found a transporter.
 10197 | Gauntlet | Noticed a soul eater
 10204 | Gauntlet | Found a transporter.
 10204 | Gauntlet | Found a transporter.
 10215 | Gauntlet | Found a transporter.
 10218 | Gauntlet | Found a transporter.
 10220 | Gauntlet | Noticed a catoblepas
 10221 | Gauntlet | Noticed a four-headed hydra
 10226 | Gauntlet | Found a runed translucent door.
 10229 | Gauntlet | Found a transporter.
 10242 | Gauntlet | Found a runed translucent gate.
 10243 | Gauntlet | Found a transporter.
 10243 | Gauntlet | Found a runed translucent gate.
 10244 | Gauntlet | Found a runed translucent gate.
 10254 | Gauntlet | Found a transporter.
 10259 | Gauntlet | Noticed a thrashing horror
 10261 | Gauntlet | Found a runed translucent door.
 10262 | Gauntlet | Noticed a thrashing horror
 10264 | Gauntlet | Found a transporter.
 10264 | Gauntlet | Noticed a great orb of eyes
 10279 | Gauntlet | Found a transporter.
 10293 | Gauntlet | Found a transporter.
 10293 | Gauntlet | Found a transporter.
 10333 | Gauntlet | Found a runed translucent door.
 10336 | Gauntlet | Found a transporter.
 10350 | Gauntlet | Found a transporter.
 10576 | Gauntlet | Identified the ring "Jopsofuv" {rF+ rN+}
 10597 | Gauntlet | Noticed a minotaur
 10610 | Gauntlet | Killed a minotaur
 10611 | Gauntlet | Reached skill level 9 in Dodging
 10745 | D:11     | Noticed a two-headed ogre
 10746 | D:11     | Noticed a two-headed ogre
 10746 | D:11     | Noticed a two-headed ogre
 10746 | D:11     | Noticed a two-headed ogre
 10765 | D:11     | Noticed an ogre mage
 10776 | D:11     | Noticed a two-headed ogre
 10777 | D:11     | Killed a two-headed ogre
 10778 | D:11     | Reached skill level 10 in Dodging
 10796 | D:11     | Killed a two-headed ogre
 10797 | D:11     | Reached skill level 1 in Armour
 10812 | D:11     | Killed a two-headed ogre
 10823 | D:11     | Killed a two-headed ogre
 10830 | D:11     | Killed an ogre mage
 10831 | D:11     | Reached skill level 2 in Armour
 10856 | D:11     | Killed a two-headed ogre
 10857 | D:11     | Reached skill level 5 in Evocations
 10900 | D:11     | Reached skill level 3 in Armour
 10921 | D:11     | Reached skill level 5 in Stealth
 10939 | D:11     | Reached XP level 13. HP: 67/76 MP: 14/14
 10980 | D:11     | Found Imyq's Jewellery Shoppe.
 10984 | D:11     | Bought a granite talisman for 1080 gold pieces
 11032 | D:11     | Reached skill level 1 in Shapeshifting
 11100 | D:11     | Reached skill level 2 in Shapeshifting
 11221 | D:11     | Found a staircase to the Lair.
 11672 | Lair:1   | Entered Level 1 of the Lair of Beasts
 11734 | Lair:1   | Reached skill level 3 in Shapeshifting
 11784 | Lair:1   | Reached skill level 4 in Shapeshifting
 11988 | Lair:1   | Reached skill level 5 in Shapeshifting
 12575 | Lair:2   | Reached skill level 6 in Shapeshifting
 12678 | Lair:2   | Reached skill level 7 in Shapeshifting
 13577 | Lair:3   | Reached skill level 8 in Shapeshifting
 13703 | Lair:3   | Found a hole to the Spider Nest.
 13776 | Lair:3   | Found a staircase to the Swamp.
 13776 | Lair:3   | Noticed an eleionoma
 13788 | Lair:3   | Killed an eleionoma
 13890 | Lair:3   | Reached skill level 9 in Shapeshifting
 14154 | Lair:3   | You fall into a shaft and drop 2 floors!
 14154 | Lair:5   | Entered Level 5 of the Lair of Beasts
 14187 | Lair:5   | Reached XP level 14. HP: 81/81 MP: 15/15
 14327 | Lair:4   | Reached skill level 10 in Shapeshifting
 15130 | Lair:4   | Reached skill level 11 in Shapeshifting
 15756 | Lair:4   | Found a staircase to the Slime Pits.
 15999 | Lair:5   | Reached skill level 12 in Shapeshifting
 16415 | Lair:5   | Reached skill level 13 in Shapeshifting
 16447 | Lair:5   | Identified the +5 quarterstaff "Xozi" {holy, rElec Dex+6
                  | Stlth+}
 16976 | Lair:5   | Reached XP level 15. HP: 85/85 MP: 16/16
 17216 | Lair:5   | Reached skill level 14 in Shapeshifting
 17655 | D:12     | Found a large runed translucent door.
 17662 | D:12     | Noticed Jorgrun
 17688 | D:12     | Killed Jorgrun
 18096 | D:12     | Found a large runed translucent door.
 18097 | D:12     | Noticed Cheops's ghost (journeyman OpSh)
 18229 | D:12     | Found Ywismeps's Magic Scroll Emporium.
 18701 | D:12     | Reached skill level 15 in Shapeshifting
 19126 | D:13     | Found a broken altar of Ashenzari.
 19861 | D:14     | Noticed Snorg
 19879 | D:14     | Killed Snorg
 20055 | D:14     | Found Diomob's Antique Weapon Boutique.
 20087 | D:14     | Bought a runed scimitar for 238 gold pieces
 20232 | D:14     | Noticed Roxanne
 20279 | D:14     | Reached skill level 16 in Shapeshifting
 20332 | D:14     | Found Ysowis's Jewellery Emporium.
 20385 | D:14     | Found Zaariham's Assorted Antiques.
 20430 | D:14     | Reached skill level 13 in Fighting
 20641 | D:14     | Found a gate to the Vaults.
 20740 | D:14     | Reached XP level 16. HP: 41/91 MP: 7/17
 20953 | D:14     | Reached skill level 14 in Fighting
 20994 | D:14     | Reached skill level 1 in Shields
 20999 | D:14     | Reached skill level 2 in Shields
 21172 | D:15     | Entered Level 15 of the Dungeon
 21198 | D:15     | Reached skill level 3 in Shields
 21357 | D:15     | Reached skill level 4 in Shields
 21390 | D:15     | Identified the ring "Laeritre" {rElec rF+ Str+6 Dex-2}
 21600 | D:15     | Reached skill level 5 in Shields
 21773 | D:15     | Found a staircase to the Depths.
 21780 | D:15     | Reached skill level 6 in Shields
 22077 | Orc:1    | Entered Level 1 of the Orcish Mines
 22279 | Orc:2    | Entered Level 2 of the Orcish Mines
 22306 | Orc:2    | Found a staircase to the Elven Halls.
 22512 | Orc:2    | Found a bloodstained altar of Trog.
 22917 | Orc:2    | Noticed Donald
 22935 | Orc:2    | Killed Donald
 22936 | Orc:2    | Reached skill level 7 in Shields
 23340 | Orc:2    | Reached skill level 8 in Shields
 23433 | Orc:2    | Found Wigoj's General Store.
 23487 | Orc:2    | Found Lojorex's General Store.
 23693 | Orc:2    | Found Cojonas's Assorted Antiques.
 23704 | Orc:2    | Reached skill level 9 in Shields
 23955 | Swamp:1  | Entered Level 1 of the Swamp
 24036 | Swamp:1  | Noticed a thorn hunter
 24085 | Swamp:1  | Killed a thorn hunter
 24350 | Swamp:1  | Reached XP level 17. HP: 97/97 MP: 18/18
 24409 | Swamp:1  | Reached skill level 6 in Stealth
 24409 | Swamp:1  | Reached skill level 10 in Shields
 24478 | Swamp:1  | Reached skill level 7 in Stealth
 24884 | Swamp:2  | Reached skill level 8 in Stealth
 25100 | Swamp:2  | Noticed Nikola
 25133 | Swamp:2  | Killed Nikola
 25134 | Swamp:2  | Reached skill level 9 in Stealth
 25193 | Swamp:2  | Found a runed translucent door.
 25696 | Swamp:2  | Identified the +4 morningstar of Ciekuiq {heavy, Will++}
 25705 | Swamp:2  | Reached skill level 10 in Stealth
 25757 | Swamp:2  | Paralysed by you for 1 turns
 26269 | Swamp:3  | Reached skill level 11 in Short Blades
 26812 | Swamp:4  | Entered Level 4 of the Swamp
 26918 | Swamp:4  | Reached skill level 12 in Short Blades
 27266 | Swamp:4  | Reached skill level 13 in Short Blades
 27405 | Swamp:4  | Noticed a tentacled monstrosity
 27421 | Swamp:4  | Killed a tentacled monstrosity
 27422 | Swamp:4  | Reached XP level 18. HP: 102/102 MP: 17/19
 27484 | Swamp:4  | Noticed a tentacled monstrosity
 27495 | Swamp:4  | Killed a tentacled monstrosity
 27688 | Swamp:4  | Reached skill level 14 in Short Blades
 27756 | Swamp:4  | Got a decaying rune of Zot
 28176 | Vaults:1 | Entered Level 1 of the Vaults
 28431 | Vaults:1 | Reached skill level 11 in Dodging
 29302 | Vaults:1 | Reached skill level 12 in Dodging
 29363 | Vaults:1 | Reached skill level 11 in Stealth
 29534 | Vaults:2 | Found a flickering gateway to a bazaar.
 29546 | Bazaar   | Entered a bazaar
 29546 | Bazaar   | Found Tinnix's General Store.
 29546 | Bazaar   | Found Veanykokh's Distillery.
 29546 | Bazaar   | Found Onludid's Magic Scroll Emporium.
 29548 | Bazaar   | Found Imaw's Antique Armour Shoppe.
 29553 | Bazaar   | Bought a scroll of acquirement for 728 gold pieces
 29561 | Bazaar   | Acquired the +7 Spriggan's Knife {stab, EV+4 Stlth+}
 29561 | Bazaar   | Found the +7 Spriggan's Knife {stab, EV+4 Stlth+}
 29573 | Bazaar   | Bought a scroll of brand weapon for 133 gold pieces
 29582 | Bazaar   | Bought a manual of Short Blades for 1280 gold pieces
 29791 | Vaults:2 | Reached skill level 12 in Stealth
 29873 | Vaults:2 | Noticed Sojobo
 29906 | Vaults:2 | Killed Sojobo
 29907 | Vaults:2 | Reached XP level 19. HP: 106/106 MP: 20/20
 30038 | Vaults:2 | Identified the serpent talisman of the Insatiable Dreams
                  | {Slay+3}
 30038 | Vaults:2 | Noticed Aizul
 30047 | Vaults:2 | Reached skill level 13 in Stealth
 30065 | Vaults:2 | Killed Aizul
 30175 | Vaults:2 | Found a runed translucent door.
 30175 | Vaults:2 | Noticed Adoajy's ghost (adept DsWr)
 30567 | Vaults:2 | Reached skill level 14 in Stealth
 30754 | Vaults:2 | Noticed Boris
 30761 | Vaults:2 | Killed Boris
 30956 | Vaults:2 | Killed Adoajy's ghost
 31373 | Vaults:3 | Reached skill level 15 in Stealth
 31493 | Vaults:3 | Reached skill level 13 in Dodging
 31904 | Vaults:3 | Reached skill level 15 in Short Blades
 31945 | Vaults:3 | Found a staircase to the Crypt.
 32011 | Vaults:3 | Reached skill level 16 in Stealth
 32773 | Spider:1 | Entered Level 1 of the Spider Nest
 33131 | Spider:1 | Reached XP level 20. HP: 111/111 MP: 21/21
 33174 | Spider:1 | Reached skill level 17 in Stealth
 33700 | Spider:2 | Found a glacial archway.
 33709 | IceCv    | Entered an ice cave
 33758 | IceCv    | Reached skill level 16 in Short Blades
 34242 | IceCv    | HP: 14/144 [reaper/-4 scythe of freezing (8)]
 34356 | IceCv    | Reached skill level 18 in Stealth
 35145 | Spider:2 | Reached skill level 19 in Stealth
 35458 | Spider:3 | Reached skill level 17 in Short Blades
 35584 | Spider:3 | Identified the +0 ring mail "Vumneps" {Stlth+}
 36583 | Spider:4 | Entered Level 4 of the Spider Nest
 36637 | Spider:4 | Noticed Louise
 36660 | Spider:3 | Reached skill level 20 in Stealth
 36690 | Spider:3 | Killed Louise
 36938 | Spider:4 | Reached skill level 18 in Short Blades
 37231 | Spider:4 | Reached XP level 21. HP: 116/116 MP: 22/22
 37563 | Spider:4 | Reached skill level 15 in Fighting
 38110 | Spider:4 | Got a gossamer rune of Zot
 38540 | Elf:1    | Entered Level 1 of the Elven Halls
 38878 | Elf:1    | Gained mutation: Armour fits poorly on your strangely
                  | shaped body. [a neqoxec]
 38880 | Elf:1    | Reached skill level 16 in Fighting
 39035 | Elf:1    | Paralysed by an air elemental for 1 turns
 39667 | Elf:1    | Got the Compendium of the Countless Stars
 39796 | Elf:2    | Reached skill level 11 in Shields
 39804 | Elf:2    | Found Pema's Magic Scroll Boutique.
 40178 | Elf:2    | Found an ancient bone altar of Kikubaaqudgha.
 40217 | Elf:2    | Found a runed translucent gate.
 40218 | Elf:2    | Found a runed translucent gate.
 40218 | Elf:2    | Found a runed translucent gate.
 40577 | Elf:3    | Entered Level 3 of the Elven Halls
 40657 | Elf:3    | You are cast into the Abyss!
 40657 | Abyss:2  | Cast into level 2 of the Abyss (+1 flail of distortion)
 40681 | Abyss:3  | Reached skill level 12 in Shields
 40715 | Abyss:3  | Found a corrupted altar of Lugonu.
 40774 | Abyss:4  | Found a corrupted altar of Lugonu.
 40844 | Abyss:4  | Paralysed by accursed screaming for 1 turns
 40853 | Abyss:4  | HP: 6/107 [jiangshi[a vampire mage] (9)]
 40853 | Abyss:4  | Killed from afar by a daeva

Vanquished Creatures
  Sojobo (Vaults:2)
  Boris (Vaults:2)
  Nikola (Swamp:2)
  2 tentacled monstrosities (Swamp:4)
  Jorgrun (D:12)
  A lich (Vaults:3)
  A sphinx (Vaults:3)
  The ghost of Adoajy the Bludgeoner, an adept DsWr of Ru (Vaults:2)
  2 tengu reavers (Vaults:2)
  2 thorn hunters
  A daeva (Abyss:3)
  Aizul (Vaults:2)
  Donald (Orc:2)
  2 emperor scorpions
  3 fenstrider witches (Swamp:4)
  A deep elf sorcerer (Vaults:2)
  Louise (Spider:3)
  6 ghost moths
  10 vault wardens
  A deep elf elementalist (Elf:3)
  A cacodemon (Abyss:3)
  3 ghouls
  3 reapers (IceCv)
  6 ironbound preservers
  An orc warlord (Bailey)
  A stone giant (D:15)
  3 formless jellyfish (Vaults:3)
  4 ironbound thunderhulks
  2 deep elf death magi (Elf:1)
  A minotaur (Gauntlet)
  4 eleionomae
  4 spark wasps
  8 dire elephants
  4 bunyips
  A green death (Swamp:4)
  Snorg (D:14)
  An ettin (Vaults:3)
  2 entropy weavers
  2 crystal guardians (Vaults:2)
  4 yaktaur captains
  A fire dragon (D:12)
  A deep elf high priest (Elf:2)
  4 great orbs of eyes
  4 peacekeepers
  16 hydras
  10 vault guards
  Erolcha (D:9)
  3 death knights
  5 radroaches
  2 caustic shrike simulacra (IceCv)
  3 ironbound frosthearts (Vaults:1)
  7 ogre magi
  A hell beast (Swamp:4)
  5 jorogumos
  10 alligators
  6 ghost crabs
  20 two-headed ogres
  10 boulder beetles
  4 centaur warriors
  6 death yaks (Lair:4)
  7 death scarabs (Spider:4)
  A hell hog (Lair:5)
  14 dancing weapons
  A deep troll earth mage (D:12)
  19 demonic crawlers
  5 tengu warriors (D:15)
  An orc high priest (Elf:1)
  A vampire mage (Abyss:4)
  2 spectral emperor scorpions (Spider:4)
  2 soul eaters (Swamp:4)
  A wretched star (Abyss:4)
  Amaemon (D:9)
  A fire crab (shapeshifter) (Vaults:3)
  5 pharaoh ants
  4 deep elf knights
  A shadow wraith (Vaults:3)
  3 skeletal warriors (D:15)
  4 goliath frogs
  4 spriggan druids
  2 sixfirhies
  A golden dragon zombie (Vaults:3)
  3 arcanists
  20 deep trolls
  5 sun moths
  5 ironbound convokers
  2 phantasmal warriors
  2 obsidian statues (IceCv)
  6 orb spiders
  11 swamp dragons
  6 deep elf archers
  14 bog bodies
  4 harpies (Vaults:1)
  13 lindwurms
  8 orc knights
  13 deep elf zephyrmancers
  A spectral wolf spider (Spider:4)
  3 necromancers
  20 deep elf pyromancers
  3 manticores
  12 steelbarb worms
  3 wolf spider zombies (Spider:4)
  4 large abominations (Elf:1)
  A broodmother zombie (Spider:4)
  5 cyclopes
  19 ugly things
  2 orc sorcerers (Swamp:4)
  18 wolf spiders
  Maurice (D:9)
  3 will-o-the-wisps
  An elf skeleton (Vaults:3)
  7 elephants
  5 moths of wrath
  2 kobold blastminers (Orc:2)
  A frost giant skeleton (Vaults:3)
  5 apocalypse crabs
  Joseph (D:7)
  A fire giant skeleton (Vaults:3)
  3 black mambas
  12 vault sentinels
  6 meliai
  2 smoke demons
  3 gargoyles
  17 cane toads
  3 orange demons
  An unseen horror (D:9)
  Maggie (D:9)
  4 torpor snails
  A spectral redback (Spider:4)
  2 rime drakes
  3 golden dragon simulacra (IceCv)
  2 efreet
  12 komodo dragons
  A tengu conjurer (D:15)
  6 freezing wraiths
  14 yaktaurs
  An ancient zyme (Abyss:3)
  8 trolls
  3 ice devils (IceCv)
  13 polar bears
  6 hornets
  2 hellwings
  A culicivora zombie (Spider:4)
  3 spectral culicivoras (Spider:4)
  An alligator simulacrum (IceCv)
  2 spectral jumping spiders (Spider:4)
  2 raiju (Lair:5)
  A tyrant leech (Swamp:3)
  30 tarantellas
  20 blink frogs
  A spectral tarantella (Spider:4)
  4 tarantella zombies (Spider:4)
  A jumping spider zombie (Spider:4)
  4 dream sheep (Lair:4)
  34 jumping spiders
  Sigmund (D:5)
  29 culicivoras
  25 slime creatures
  6 spriggans
  2 shadows
  2 air elementals (Elf:1)
  2 wyverns
  A water elemental (Elf:2)
  47 yaks
  5 vampires
  8 wraiths
  A fire elemental (Elf:1)
  2 starcursed masses (Abyss:4)
  17 wargs
  4 basilisks
  Grum (D:10)
  45 redbacks
  17 vampire mosquitoes
  A yak (shapeshifter) (D:12)
  A minotaur simulacrum (IceCv)
  15 swamp worms
  A chaos spawn (Swamp:4)
  A swamp worm (shapeshifter) (Vaults:3)
  2 acid dragons
  8 water moccasins
  13 hell hounds (Lair:5)
  4 hydra simulacra (IceCv)
  37 orc warriors
  A sky beast (D:8)
  An ice beast (Vaults:3)
  6 swamp drakes
  A laughing skull (D:12)
  An ettin simulacrum (IceCv)
  14 black bears
  15 ogres
  6 centaurs
  38 wolves
  2 kobold brigands
  6 bullfrogs
  3 elf zombies (Elf:1)
  3 earth elementals
  4 necrophages (Swamp:1)
  A gnoll sergeant (D:7)
  6 scorpions
  3 wights (D:8)
  2 lindwurm simulacra (IceCv)
  13 killer bees
  3 howler monkeys (D:8)
  2 electric eels
  4 bombardier beetles
  A jelly (D:5)
  11 orc priests
  A sleepcap (D:5)
  2 gnoll boudas
  5 hounds
  Ijyb (D:5)
  17 orc wizards
  18 gnolls
  8 adders
  A shadow imp (D:7)
  4 white imps
  An ufetubus (Vaults:3)
  A dart slug (D:1)
  81 orcs
  3 ball pythons
  7 endoplasms
  6 giant cockroaches
  13 goblins
  8 hobgoblins
  5 jackals
  6 quokkas
  2 bats
  3 frilled lizards (D:1)
  30 kobolds
  3 rats
1426 creatures vanquished.

Vanquished Creatures (others)
  An alligator (Swamp:1)
  2 swamp dragons
  A bloated husk (Swamp:2)
  A water elemental (Elf:1)
  An air elemental (Elf:1)
  A starcursed mass (Abyss:4)
  An orc wizard (D:15)
  10 foxfires
18 creatures vanquished.

Grand Total: 1444 creatures vanquished

Table legend: (Time is in decaauts)
 A = Elapsed time spent in this place.
 B = Non-inter-level travel time spent in this place.
 C = Inter-level travel time spent in this place.
 D = Time resting spent in this place.
 E = Time spent auto-exploring this place.
 F = Levels seen in this place.
 G = Mean time per level.
                   A        B        C        D        E       F      G
               +--------+--------+--------+--------+--------+-----+--------+
         Total |  48071 |  44784 |   3287 |   2829 |  30076 |  44 | 1092.5 |
       Dungeon |  15267 |  13989 |   1278 |   1252 |   9676 |  15 | 1017.8 |
        Temple |     72 |     38 |     34 |     34 |      0 |   1 |   72.0 |
          Lair |   5767 |   4994 |    773 |    100 |   3645 |   5 | 1153.4 |
         Swamp |   6192 |   5890 |    302 |    497 |   3889 |   4 | 1548.0 |
   Spider Nest |   6664 |   6396 |    268 |    150 |   4259 |   4 | 1666.0 |
  Orcish Mines |   2518 |   2286 |    232 |    106 |   1335 |   2 | 1259.0 |
   Elven Halls |   2945 |   2834 |    111 |      0 |   2082 |   3 |  981.7 |
        Vaults |   6058 |   5773 |    285 |     45 |   4212 |   3 | 2019.3 |
         Abyss |    250 |    250 |      0 |     66 |      7 |   3 |   83.3 |
        Bazaar |     61 |     61 |      0 |      0 |      6 |   1 |   61.0 |
        Bailey |    714 |    714 |      0 |    203 |    253 |   1 |  714.0 |
      Ice Cave |   1144 |   1144 |      0 |    345 |    507 |   1 | 1144.0 |
      Gauntlet |    414 |    414 |      0 |     31 |    202 |   1 |  414.0 |
               +--------+--------+--------+--------+--------+-----+--------+

Top non-repeatable levels by time:
Spider:3: 2145 daAuts
Spider:4: 2109 daAuts
Vaults:3: 2069 daAuts
Vaults:1: 1996 daAuts
Vaults:2: 1991 daAuts
 Swamp:4: 1791 daAuts
 Swamp:2: 1789 daAuts
   Orc:2: 1761 daAuts
   Elf:1: 1662 daAuts
    D:14: 1534 daAuts
  Lair:5: 1381 daAuts
    D:12: 1375 daAuts
 Swamp:3: 1306 daAuts
 Swamp:1: 1304 daAuts
Spider:1: 1288 daAuts

Table legend:
 A = Non-vault XP
 B = Vault XP
 C = Vault XP percentage of total XP
 D = Non-vault monster count
 E = Vault monster count
 F = Vault count percentage of total count
                 A         B        C        D         E       F
            +---------+---------+-------+---------+---------+-------
      Total |  309222 |  260895 |  45.8 |     914 |     516 |  36.1
            +---------+---------+-------+---------+---------+-------
        D:1 |      43 |       0 |   0.0 |      18 |       0 |   0.0
        D:2 |      76 |       0 |   0.0 |      16 |       0 |   0.0
        D:3 |     161 |       0 |   0.0 |      16 |       0 |   0.0
        D:4 |     359 |       0 |   0.0 |      24 |       0 |   0.0
        D:5 |     724 |     439 |  37.7 |      21 |       5 |  19.2
        D:6 |     715 |       0 |   0.0 |      28 |       0 |   0.0
        D:7 |    1637 |     479 |  22.6 |      25 |       5 |  16.7
        D:8 |    3314 |       0 |   0.0 |      26 |       0 |   0.0
        D:9 |    1722 |    2961 |  63.2 |      16 |       5 |  23.8
       D:10 |    2926 |     425 |  12.7 |      20 |       3 |  13.0
       D:11 |   10267 |    1372 |  11.8 |      31 |       5 |  13.9
       D:12 |    3557 |   13648 |  79.3 |      15 |      29 |  65.9
       D:13 |    4754 |       0 |   0.0 |      12 |       0 |   0.0
       D:14 |   19015 |    7920 |  29.4 |      35 |       9 |  20.5
       D:15 |   12634 |    2683 |  17.5 |      28 |       3 |   9.7
     Lair:1 |    4953 |     511 |   9.4 |      22 |       2 |   8.3
     Lair:2 |    6459 |       0 |   0.0 |      30 |       0 |   0.0
     Lair:3 |    6459 |    2236 |  25.7 |      19 |       7 |  26.9
     Lair:4 |   14559 |       0 |   0.0 |      39 |       0 |   0.0
     Lair:5 |    8926 |   11676 |  56.7 |      32 |      57 |  64.0
    Swamp:1 |    7947 |    7323 |  48.0 |      13 |      16 |  55.2
    Swamp:2 |    5912 |   10641 |  64.3 |      12 |      16 |  57.1
    Swamp:3 |    7567 |    6581 |  46.5 |      16 |       8 |  33.3
    Swamp:4 |   15502 |   26392 |  63.0 |      24 |      33 |  57.9
   Spider:1 |   16294 |    6118 |  27.3 |      46 |      14 |  23.3
   Spider:2 |   15230 |    8012 |  34.5 |      35 |      11 |  23.9
   Spider:3 |   19212 |    4410 |  18.7 |      39 |       9 |  18.8
   Spider:4 |   23358 |   29382 |  55.7 |      53 |      58 |  52.3
      Orc:1 |    1389 |       0 |   0.0 |      21 |       0 |   0.0
      Orc:2 |    3147 |   15862 |  83.4 |      29 |      62 |  68.1
      Elf:1 |   19905 |    4786 |  19.4 |      39 |      10 |  20.4
      Elf:2 |   13428 |    4934 |  26.9 |      22 |       6 |  21.4
      Elf:3 |    1867 |       0 |   0.0 |       3 |       0 |   0.0
   Vaults:1 |   18864 |   22873 |  54.8 |      38 |      32 |  45.7
   Vaults:2 |   10867 |   32653 |  75.0 |      16 |      29 |  64.4
   Vaults:3 |   19597 |   21179 |  51.9 |      25 |      29 |  53.7
    Abyss:3 |    3579 |       0 |   0.0 |       4 |       0 |   0.0
    Abyss:4 |    2297 |       0 |   0.0 |       6 |       0 |   0.0
     Bailey |       0 |    1672 | 100.0 |       0 |      24 | 100.0
      IceCv |       0 |   12248 | 100.0 |       0 |      27 | 100.0
   Gauntlet |       0 |    1479 | 100.0 |       0 |       2 | 100.0
            +---------+---------+-------+---------+---------+-------
